 Dungeon Crawl Stone Soup version 0.21.1-1-g345015f (webtiles) character file.

25 Kairos the Digger (level 3, 19/19 HPs)
             Began as a Gargoyle Earth Elementalist on Mar 27, 2018.
             Got out of the dungeon alive.
             The game lasted 00:02:51 (1327 turns).

Kairos the Digger (Gargoyle Earth Elementalist)     Turns: 1327, Time: 00:02:52

Health: 19/19      AC:  5    Str: 16 (17) XL:     3   Next: 6%
Magic:  6/6        EV: 12    Int: 12 (15) God:
Gold:   73         SH:  0    Dex:  8 (10) Spells: 5/6 levels left

rFire    . . .     SeeInvis .   j - +0 mace
rCold    . . .     Gourm    .   (no shield)
rNeg     + . .     Faith    .   c - +0 robe
rPois    ∞         Spirit   .   (no helmet)
rElec    +         Reflect  .   (no cloak)
rCorr    .         Harm     .   (no gloves)
MR       .....                  (no boots)
Stlth    ++........             (no amulet)
HPRegen  0.06/turn              (no ring)
MPRegen  0.10/turn              (no ring)

@: mighty
A: negative energy resistance 1, electricity resistance, unbreathing,
petrification resistance, rot immunity, AC +3
a: no special abilities


You escaped.
You were near starving.

You visited 1 branch of the dungeon, and saw 1 of its levels.

You collected 73 gold pieces.

Inventory:

Hand Weapons
 a - a +0 club
 i - a +0 hunting sling
 j - a +0 mace (weapon)
 l - a +0 whip
Missiles
 b - 30 stones (quivered)
Armour
 c - a +0 robe (worn)
Potions
 g - a potion of might
Books
 e - a book of Geomancy

   Spells                             Type                      Level
   a - Sandblast                      Earth                        1
   b - Passwall                       Transmutation/Earth          2
   c - Stone Arrow                    Conjuration/Earth            3
   d - Petrify                        Transmutation/Earth          4
   e - Lee's Rapid Deconstruction     Earth                        5
Comestibles
 d - a ration


   Skills:
 + Level 0.5 Maces & Flails
 + Level 1.7 Dodging
 + Level 2.5 Stealth
 + Level 2.4 Spellcasting
   Level 0.7 Transmutations
 + Level 4.2 Earth Magic


You had 5 spell levels left.
You knew the following spells:

 Your Spells              Type           Power        Failure   Level  Hunger
a - Sandblast             Erth           ##....       4%          1    ##.....


Dungeon Overview and Level Annotations

Branches:
Dungeon (1/15)

Altars:
Nemelex Xobeh


Innate Abilities, Weirdness & Mutations

You are resistant to torment.
Your stone body is resilient. (AC +3)
You are immune to poison.
You resist negative energy. (rN+)
You are resistant to electric shocks. (rElec)
You can survive without breathing.
You are immune to petrification.
You are immune to rotting.


Message History

You assume a fearsome visage.
Nothing appears to happen.
It was a scroll of fear.
It was a potion of degeneration.
There was something very wrong with that liquid.
You feel weakened.
You feel dopey.
You feel clumsy.
It was a potion of might.
You feel very mighty all of a sudden.
It was a potion of curing.
You feel better.
There is a large open door here.
There is a large open door here.
There is a large open door here.
There is a large open door here.
You see here a chain mail.
There is a large open door here.
There is a large open door here.
There is an open door here.
You are near starving!
There is a staircase leading out of the dungeon here.
Are you sure you want to leave the Dungeon?
This will make you lose the game!
You have escaped!

#.#
####≈#.##...≈♣≈...##.#
#.# #.8#.........#8.#
#.# #.##♣.......♣##.#
#.# ##'##♣≈.....≈♣##'#
#####'####
#8.8##♣##'##♣##8.8
#.......†#
#...###8#'#8###...
#........#
#...'.........'...
#........#
#...##8##.##8##...
#........# #@.8#≈
≈#'#≈♣≈#8.> #........#
######♣##'##♣#####
#........#
≈≈≈≈≈≈≈≈.≈≈≈≈≈≈≈
#........#
######..#######
#####'#### #.## ###
#.# #.# #.. #.# #.#
#.# #.# #.# #.. #.#
#####.#########


There were no monsters in sight!

Vanquished Creatures
  A dart slug (D:1)
  A leopard gecko (D:1)
  A giant cockroach (D:1)
  4 goblins (D:1)
  4 hobgoblins (D:1)
  2 ball pythons (D:1)
  A ball python zombie (D:1)
  3 bats (D:1)
  A frilled lizard (D:1)
  A kobold (D:1)
  A leopard gecko zombie (D:1)
  3 rats (D:1)
23 creatures vanquished.

Notes
Turn   | Place    | Note
-------+----------+-------------------------------------------
     0 | D:1      | Kairos the Gargoyle Earth Elementalist began the quest for the Orb.
     0 | D:1      | Reached XP level 1. HP: 10/10 MP: 3/3
   111 | D:1      | Reached XP level 2. HP: 15/15 MP: 1/5
   136 | D:1      | Reached skill level 4 in Earth Magic
   623 | D:1      | Found a sparkling altar of Nemelex Xobeh.
   950 | D:1      | Reached XP level 3. HP: 17/19 MP: 6/6
  1327 | D:$      | Got out of the dungeon alive.

Skill      XL: |  1  2 |
---------------+-------+-----
Earth Magic    | 4 |  4.2
Maces & Flails | |  0.5
Dodging        | |  1.7
Stealth        | |  2.5
Spellcasting   | |  2.4
Transmutations | |  0.7

Action                   || total
-------------------------++-------
Melee: Club              ||    32
       Unarmed           ||     2
       Mace              ||     9
 Cast: Sandblast         ||    20
  Use: Potion            ||     3
       Scroll            ||     1
 Stab: Sleeping          ||     4
Armor: Robe              ||    22
Dodge: Dodged            ||    64
